PR
CROWLEY CAJUNS @ REDWOOD RHINOS
08/02/2042
 
TOP OF THE 1ST
Crowley Cajuns batting - Pitching for Redwood Rhinos : RHP Noah Olinger
Pitching: RHP Noah Olinger
Batting: RHB Júlio Muńóz 0-0: Called Strike
0-1: SINGLE (Groundball, 6, EV 86.9 MPH) (infield hit)
Batting: RHB Noel Bourke 0-0: Ball
1-0: SINGLE (Line Drive, 8LS, EV 95.6 MPH)
Júlio Muńóz to second
Batting: RHB Shuan-yan Bu 0-0: Called Strike
0-1: Grounds into double play, U5-3 (Groundball, 5L, EV 93.1 MPH)
Noel Bourke to second
Batting: RHB Maurice Wrightson 0-0: Ball
1-0: Ball
2-0: Called Strike
2-1: Foul Ball, location: 2F
2-2: Foul Ball, location: 2F
2-2: Ground out 6-3 (Groundball, 6M, EV 101.9 MPH)
Top of the 1st over - 0 runs, 2 hits, 0 errors, 1 left on base; Crowley 0 - Redwood 0
BOTTOM OF THE 1ST
Redwood Rhinos batting - Pitching for Crowley Cajuns : RHP Marc Shaw
Pitching: RHP Marc Shaw
Batting: RHB Roy MacDonald 0-0: Foul Ball, location: 2F
0-1: Called Strike
0-2: SINGLE (Line Drive, 6MD, EV 96.9 MPH)
Batting: RHB Jimmy Cooper 0-0: Ball
1-0: Called Strike
1-1: Ball
2-1: Ball
3-1: Fielders Choice at 2nd, 5-4 (Groundball, 56, EV 92.5 MPH)
Batting: RHB Luis Ibáńez 0-0: Called Strike
0-1: Reached on error, E9 (Flyball, 9S, EV 77.5 MPH)
Jimmy Cooper to second
Batting: RHB Guonçalle Sprengel 0-0: Fly out, F9 (Flyball, 89M, EV 85.6 MPH)
Batting: RHB Scott Fletcher 0-0: Foul Ball, location: 2F
0-1: Called Strike
0-2: Ball
1-2: 3-RUN HOME RUN (Flyball, 7D, EV 97.5 MPH), Distance : 369 ft
Batting: SHB Ralph Ludwig 0-0: Ball
1-0: Called Strike
1-1: Ball
2-1: Ball
3-1: Base on Balls
Batting: LHB Stan Daniels 0-0: Fly out, F9 (Flyball, 9LMF, EV 102.5 MPH)
Bottom of the 1st over - 3 runs, 2 hits, 1 error, 1 left on base; Crowley 0 - Redwood 3
TOP OF THE 2ND
Crowley Cajuns batting - Pitching for Redwood Rhinos : RHP Noah Olinger
Batting: RHB Allan Selkirk 0-0: Foul Ball, location: 2F
0-1: Foul Ball, location: 2F
0-2: Ball
1-2: Foul Ball, location: 2F
1-2: Ground out 6-3 (Groundball, 6M, EV 81.9 MPH)
Batting: RHB Pedro Ramos 0-0: Called Strike
0-1: SINGLE (Groundball, 56D, EV 98.1 MPH)
Batting: LHB Kun Chieu 0-0: Ball
1-0: Called Strike
1-1: Ball
2-1: Called Strike
2-2: SINGLE (Line Drive, 9LS, EV 96.2 MPH)
Pedro Ramos to second
Runner from 2nd tries for 3rd, SAFE, no throw by RF
Batting: RHB Li-ren Ren 0-0: Ball
1-0: Called Strike
1-1: Hit by Pitch
Kun Chieu to second
Batting: RHB Bill Palmer 0-0: Ball
1-0: Ball
2-0: Foul Ball, location: 2F
2-1: Ball
3-1: Base on Balls
Pedro Ramos scores
Kun Chieu to third
Li-ren Ren to second
Batting: RHB Júlio Muńóz 0-0: Called Strike
0-1: Ball
1-1: Foul Ball, location: 2F
1-2: Strikes out swinging
Batting: RHB Noel Bourke 0-0: SINGLE (Groundball, 56D, EV 96.9 MPH)
Kun Chieu scores
Li-ren Ren to third
Bill Palmer to second
Runner from 3rd tries for Home, SAFE, throw by LF to home
Batting: RHB Shuan-yan Bu 0-0: Called Strike
0-1: Foul Ball, location: 2F
0-2: Fielders Choice at 2nd, 5-4 (Groundball, 5L, EV 90.0 MPH)
Top of the 2nd over - 3 runs, 3 hits, 0 errors, 2 left on base; Crowley 3 - Redwood 3
BOTTOM OF THE 2ND
Redwood Rhinos batting - Pitching for Crowley Cajuns : RHP Marc Shaw
Batting: RHB Derek Leyva 0-0: Ball
1-0: Called Strike
1-1: Ball
2-1: Ball
3-1: Foul Ball, location: 2F
3-2: Foul Ball, location: 2F
3-2: Ground out 1-3 (Groundball, P, EV 85.6 MPH)
Batting: RHB Arturo Beltrán 0-0: Ball
1-0: Ball
2-0: Ball
3-0: Called Strike
3-1: SOLO HOME RUN (Line Drive, 78XD, EV 101.2 MPH), Distance : 413 ft
Batting: RHB Roy MacDonald 0-0: Called Strike
0-1: Foul Ball, location: 2F
0-2: SINGLE (Line Drive, 34D, EV 101.9 MPH)
Batting: RHB Jimmy Cooper 0-0: Ball
Roy MacDonald is caught stealing 2nd base 2-4
1-0: Called Strike
1-1: Ball
2-1: Foul Ball, location: 2F
2-2: Strikes out swinging
Bottom of the 2nd over - 1 run, 2 hits, 0 errors, 0 left on base; Crowley 3 - Redwood 4
TOP OF THE 3RD
Crowley Cajuns batting - Pitching for Redwood Rhinos : RHP Noah Olinger
Batting: RHB Maurice Wrightson 0-0: Called Strike
0-1: SINGLE (Line Drive, 6D, EV 98.1 MPH)
Batting: RHB Allan Selkirk 0-0: Grounds into double play, 5-4-3 (Groundball, 5S, EV 88.1 MPH)
Batting: RHB Pedro Ramos 0-0: Ball
1-0: Ball
2-0: Foul Ball, location: 2F
2-1: Ground out 5-3 (Groundball, 5, EV 77.5 MPH)
Top of the 3rd over - 0 runs, 1 hit, 0 errors, 0 left on base; Crowley 3 - Redwood 4
BOTTOM OF THE 3RD
Redwood Rhinos batting - Pitching for Crowley Cajuns : RHP Marc Shaw
Batting: RHB Luis Ibáńez 0-0: Called Strike
0-1: Ground out 6-3 (Groundball, 6, EV 95.0 MPH)
Batting: RHB Guonçalle Sprengel 0-0: Ball
1-0: Fly out, F8 (Line Drive, 8RM, EV 91.2 MPH)
Batting: RHB Scott Fletcher 0-0: Ground out 6-3 (Groundball, 6, EV 99.4 MPH)
Bottom of the 3rd over - 0 runs, 0 hits, 0 errors, 0 left on base; Crowley 3 - Redwood 4
TOP OF THE 4TH
Crowley Cajuns batting - Pitching for Redwood Rhinos : RHP Noah Olinger
Batting: LHB Kun Chieu 0-0: Ball
1-0: Called Strike
1-1: Fly out, F8 (Line Drive, 8RM, EV 109.4 MPH)
Batting: RHB Li-ren Ren 0-0: Bunted foul
0-1: Ball
1-1: Ball
2-1: SINGLE (Flyball, 78S, EV 96.2 MPH)
Batting: RHB Bill Palmer 0-0: Called Strike
0-1: Called Strike
0-2: Foul Ball, location: 2F
0-2: Ball
1-2: Foul Ball, location: 2F
1-2: Ball
2-2: Fielders Choice at 2nd, 1-4 (Groundball, 25, EV 91.9 MPH)
Batting: RHB Júlio Muńóz 0-0: Ball
1-0: Called Strike
1-1: Ball
2-1: Ball
Bill Palmer is caught stealing 2nd base 2-4
Top of the 4th over - 0 runs, 1 hit, 0 errors, 0 left on base; Crowley 3 - Redwood 4
BOTTOM OF THE 4TH
Redwood Rhinos batting - Pitching for Crowley Cajuns : RHP Marc Shaw
Batting: SHB Ralph Ludwig 0-0: Ball
1-0: Ball
2-0: Foul Ball, location: 2F
2-1: SINGLE (Line Drive, 6D, EV 95.0 MPH)
Batting: LHB Stan Daniels 0-0: Called Strike
0-1: Foul Ball, location: 2F
0-2: Foul Ball, location: 2F
0-2: Ball
1-2: Ball
2-2: Strikes out looking
Batting: RHB Derek Leyva 0-0: Ball
1-0: Foul Ball, location: 2F
1-1: Ball
2-1: Foul Ball, location: 2F
2-2: Ball
3-2: Fly out, F8 (Flyball, 8RD, EV 99.4 MPH)
Batting: RHB Arturo Beltrán 0-0: Ball
1-0: Ball
2-0: Called Strike
2-1: Called Strike
2-2: Ball
3-2: Foul Ball, location: 2F
3-2: Foul Ball, location: 2F
3-2: Foul Ball, location: 2F
3-2: Strikes out swinging
Bottom of the 4th over - 0 runs, 1 hit, 0 errors, 1 left on base; Crowley 3 - Redwood 4
TOP OF THE 5TH
Crowley Cajuns batting - Pitching for Redwood Rhinos : RHP Noah Olinger
Batting: RHB Júlio Muńóz 0-0: Ground out 5-3 (Groundball, 56, EV 103.1 MPH)
Batting: RHB Noel Bourke 0-0: Swinging Strike
0-1: Foul Ball, location: 2F
0-2: Foul Ball, location: 2F
0-2: Ball
1-2: Strikes out swinging
Batting: RHB Shuan-yan Bu 0-0: Called Strike
0-1: Ball
1-1: Ground out 6-3 (Groundball, 6, EV 85.6 MPH)
Top of the 5th over - 0 runs, 0 hits, 0 errors, 0 left on base; Crowley 3 - Redwood 4
BOTTOM OF THE 5TH
Redwood Rhinos batting - Pitching for Crowley Cajuns : RHP Marc Shaw
Batting: RHB Roy MacDonald 0-0: Fly out, F8 (Line Drive, 8RM, EV 91.9 MPH)
Batting: RHB Jimmy Cooper 0-0: Called Strike
0-1: Bunted foul
0-2: Ball
1-2: Foul Ball, location: 2F
1-2: Ball
2-2: Ball
3-2: Reached on error, E6 (Groundball, 6, EV 84.4 MPH)
Batting: RHB Luis Ibáńez 0-0: Swinging Strike
0-1: Ground out 1-3 (Groundball, 13S, EV 67.5 MPH)
Jimmy Cooper to third
Batting: RHB Guonçalle Sprengel 0-0: Ground out 5-3 (Groundball, 5, EV 87.5 MPH)
Bottom of the 5th over - 0 runs, 0 hits, 1 error, 1 left on base; Crowley 3 - Redwood 4
TOP OF THE 6TH
Crowley Cajuns batting - Pitching for Redwood Rhinos : RHP Noah Olinger
Batting: RHB Maurice Wrightson 0-0: Ball
1-0: Foul Ball, location: 2F
1-1: Swinging Strike
1-2: Foul Ball, location: 2F
1-2: Ball
2-2: Ball
3-2: Fly out, F7 (Flyball, 78D, EV 101.2 MPH)
Batting: RHB Allan Selkirk 0-0: Ball
1-0: Called Strike
1-1: Ball
2-1: Foul Ball, location: 2F
2-2: Ball
3-2: Strikes out looking
Batting: RHB Pedro Ramos 0-0: Called Strike
0-1: Ball
1-1: Ground out 6-3 (Groundball, 6M, EV 107.5 MPH)
Top of the 6th over - 0 runs, 0 hits, 0 errors, 0 left on base; Crowley 3 - Redwood 4
BOTTOM OF THE 6TH
Redwood Rhinos batting - Pitching for Crowley Cajuns : RHP Marc Shaw
Batting: RHB Scott Fletcher 0-0: Swinging Strike
0-1: Swinging Strike
0-2: Ball
1-2: Ball
2-2: Foul Ball, location: 2F
2-2: Ball
3-2: Foul Ball, location: 2F
3-2: Strikes out swinging
Batting: SHB Ralph Ludwig 0-0: Bunt - Flyout to 2L! F2
Batting: LHB Stan Daniels 0-0: Ball
1-0: Swinging Strike
1-1: Foul Ball, location: 2F
1-2: DOUBLE (Flyball, 7LD, EV 104.4 MPH)
Batting: RHB Derek Leyva 0-0: Foul Ball, location: 2F
0-1: Foul Ball, location: 2F
0-2: Ball
1-2: Fly out, F9 (Line Drive, 9D, EV 102.5 MPH)
Bottom of the 6th over - 0 runs, 1 hit, 0 errors, 1 left on base; Crowley 3 - Redwood 4
TOP OF THE 7TH
Crowley Cajuns batting - Pitching for Redwood Rhinos : RHP Noah Olinger
Batting: LHB Kun Chieu 0-0: Ball
1-0: Ball
2-0: Foul Ball, location: 2F
2-1: SINGLE (Groundball, 4MD, EV 104.4 MPH)
Batting: RHB Li-ren Ren 0-0: Ball
1-0: Bunted foul
1-1: Bunted foul
1-2: Foul Ball, location: 2F
1-2: Ball
2-2: Grounds into double play, 6-4-3 (Groundball, 6, EV 110.0 MPH)
Batting: RHB Bill Palmer 0-0: Ball
1-0: Called Strike
1-1: Foul Ball, location: 2F
1-2: Foul Ball, location: 2F
1-2: Strikes out swinging
Top of the 7th over - 0 runs, 1 hit, 0 errors, 0 left on base; Crowley 3 - Redwood 4
BOTTOM OF THE 7TH
Redwood Rhinos batting - Pitching for Crowley Cajuns : RHP Marc Shaw
Batting: RHB Arturo Beltrán 0-0: Ball
1-0: Foul Ball, location: 2F
1-1: SINGLE (Groundball, 6M, EV 82.5 MPH) (infield hit)
Pitching: RHP Jayden Hoddinot
Batting: RHB Roy MacDonald 0-0: Called Strike
0-1: SINGLE (Line Drive, 8RS, EV 90.6 MPH)
Arturo Beltrán to second
Batting: RHB Jimmy Cooper 0-0: Bunted foul
0-1: Sac Bunt to 13S - play at first, batter OUT! 1-4
Arturo Beltrán to third
Roy MacDonald to second
Batting: RHB Luis Ibáńez 0-0: Called Strike
0-1: Ball
1-1: Fly out, F9 (Flyball, 9S, EV 76.2 MPH)
Batting: RHB Guonçalle Sprengel 0-0: Called Strike
0-1: Foul Ball, location: 2F
0-2: Strikes out swinging
Bottom of the 7th over - 0 runs, 2 hits, 0 errors, 2 left on base; Crowley 3 - Redwood 4
TOP OF THE 8TH
Crowley Cajuns batting - Pitching for Redwood Rhinos : RHP Noah Olinger
Batting: RHB Júlio Muńóz 0-0: Ball
1-0: Called Strike
1-1: Ground out 6-3 (Groundball, 6, EV 102.5 MPH)
Pitching: RHP José Cruz
Batting: RHB Noel Bourke 0-0: Swinging Strike
0-1: Foul Ball, location: 2F
0-2: Ball
1-2: Strikes out swinging
Batting: RHB Shuan-yan Bu 0-0: Called Strike
0-1: Ball
1-1: Foul Ball, location: 2F
1-2: Ball
2-2: Foul Ball, location: 2F
2-2: Ball
3-2: SINGLE (Line Drive, 5D, EV 105.6 MPH)
Batting: RHB Maurice Wrightson 0-0: Ball
1-0: Fly out, F8 (Flyball, 89XD, EV 105.6 MPH)
Top of the 8th over - 0 runs, 1 hit, 0 errors, 1 left on base; Crowley 3 - Redwood 4
BOTTOM OF THE 8TH
Redwood Rhinos batting - Pitching for Crowley Cajuns : RHP Jayden Hoddinot
Batting: RHB Scott Fletcher 0-0: Called Strike
0-1: Ball
1-1: Ground out U3 (Groundball, 34, EV 83.8 MPH)
Batting: SHB Ralph Ludwig 0-0: Called Strike
0-1: Called Strike
0-2: Ground out 1-3 (Groundball, 13S, EV 62.5 MPH)
Batting: LHB Stan Daniels 0-0: Called Strike
0-1: Called Strike
0-2: Ball
1-2: Ball
2-2: Strikes out looking
Bottom of the 8th over - 0 runs, 0 hits, 0 errors, 0 left on base; Crowley 3 - Redwood 4
TOP OF THE 9TH
Crowley Cajuns batting - Pitching for Redwood Rhinos : RHP José Cruz
Pitching: RHP Tim Buck
Batting: RHB Allan Selkirk 0-0: Ball
1-0: Called Strike
1-1: Ball
2-1: Ball
3-1: Base on Balls
Batting: RHB Pedro Ramos 0-0: Bunted foul
0-1: Bunt missed!
0-2: Ball
1-2: Foul Ball, location: 2F
1-2: Fly out, F3 (Popup, 3SF, EV 34.4 MPH)
Pinch Hitting: RHB José Morales 0-0: Ball
1-0: Called Strike
1-1: Called Strike
1-2: Ball
2-2: Strikes out looking
Batting: RHB Li-ren Ren 0-0: Ball
1-0: Swinging Strike
1-1: Foul Ball, location: 2F
1-2: Strikes out swinging
Top of the 9th over - 0 runs, 0 hits, 0 errors, 1 left on base; Crowley 3 - Redwood 4
Friday, March 26th, 2021 - OOTP Baseball 20.8 Build 74